 Dungeon Crawl Stone Soup version 0.29.0-4-gdea44cf6ec (webtiles) character file.

Game seed: 14664672366107093116

42245 qw the Brawler (level 13, 0/131 HPs)
             Began as a Troll Cinder Acolyte on Sept 2, 2022.
             Was an Initiate of Ignis.
             Slain by a ten-headed hydra (1 damage)
             ... on level 12 of the Dungeon.
             The game lasted 00:08:48 (16332 turns).

qw the Brawler (Troll Cinder Acolyte)              Turns: 16332, Time: 00:08:49

Health: 0/131      AC: 11    Str: 26    XL:     13   Next: 84%
Magic:  13/13      EV: 10    Int: 10    God:    Ignis [......]
Gold:   1544       SH:  0    Dex:  8    Spells: 14/14 levels left

rFire   + . .      SeeInvis +     - Unarmed
rCold   + + .      Faith    .   (no shield)
rNeg    . . .      Spirit   .   s - +0 acid dragon scales
rPois   +          Reflect  .   o - +0 hat of Eternal Night {Regen+ Str+2 SInv Stlth+}
rElec   .          Harm     .   b - +2 cloak
rCorr   +          Rampage  .   (gloves unavailable)
Will    +....                   (boots unavailable)
Stlth   ++........              l - amulet "Jif Buod" {Acrobat Fly Will+ Str-5 Dex+3}
HPRegen 1.91/turn               u - ring of willpower
MPRegen 0.13/turn               p - ring "Naleer" {Wiz +Blink rPois rC++ Will-}

@: about to teleport, flying
A: large, unfitting armour, claws 3, regeneration 1, shaggy fur 1, tough skin 1
a: Renounce Religion, Evoke Blink, Rising Flame


You were on level 12 of the Dungeon.
You worshipped Ignis.
Ignis was noncommittal.
You visited 2 branches of the dungeon, and saw 17 of its levels.

You collected 1544 gold pieces.


Innate Abilities, Weirdness & Mutations

You are too large for most types of armour.
You have claws for hands.
Your natural rate of healing is unusually fast.
You are covered in fur. (AC +1)
You have tough skin. (AC +1)


   Skills:
 - Level 9.0 Fighting
 + Level 3.4 Throwing
 - Level 3.0 Armour
 - Level 4.1 Dodging
 - Level 20.4 Unarmed Combat
 - Level 1.0 Spellcasting
 - Level 2.1 Fire Magic


You had 14 spell levels left.
You didn't know any spells.
Your spell library contained the following spells:

 Spells                   Type           Power      Damage    Failure   Level
 Scorch                   Fire           8%         2d5       11%         2

Inventory:

Missiles
 r - a large rock (quivered)
Armour
 b - a +2 cloak (worn)
 o - the +0 hat of Eternal Night (worn) {Regen+ Str+2 SInv Stlth+}
   (You found it on level 7 of the Dungeon)

   Str:       It affects your strength (+2).
   SInv:      It lets you see invisible.
   Regen:     It increases your rate of health regeneration.
   Stlth:     It makes you more stealthy.
 s - +0 acid dragon scales (worn)
Jewellery
 a - a ring of poison resistance
 e - an amulet of the acrobat
 l - the amulet "Jif Buod" (around neck) {Acrobat Fly Will+ Str-5 Dex+3}
   (You acquired it on level 4 of the Lair of Beasts)

   [amulet of the acrobat]

   It increases your evasion while moving and waiting.
   Str:       It affects your strength (-5).
   Dex:       It affects your dexterity (+3).
   Fly:       It grants you flight.
   Will:      It increases your willpower.
 p - the ring "Naleer" (right claw) {Wiz +Blink rPois rC++ Will-}
   (You found it on level 4 of the Lair of Beasts)

   [ring of wizardry]

   It improves your spell success rate.
   rC:        It greatly protects you from cold.
   rPois:     It protects you from poison.
   +Blink:    It lets you blink.
   Will:      It decreases your willpower.
 q - an amulet of guardian spirit
 u - a ring of willpower (left claw)
Scrolls
 d - 5 scrolls of identify
Potions
 c - 10 potions of mutation
 f - 11 potions of curing
 g - 2 potions of resistance
 h - a potion of haste
 j - 3 potions of cancellation
 k - a potion of might
 n - a potion of heal wounds

Dungeon Overview and Level Annotations

Branches:
Dungeon (12/15)            Temple (0/1) D:5            Lair (5/5) D:9
 Shoals (0/4) Lair:2        Snake (0/4) Lair:3        Slime (0/5) Lair:5
    Orc (0/2) D:10

Altars:
Ashenzari
Gozag
Hepliaklqana
Nemelex Xobeh
Qazlal
Sif Muna
Xom
Yredelemnul
Jiyva

Shops:
D:2 [   D:4 [

Portals:
Ice
Cave: D:12

Annotations:
D:10 1 runed translucent door


Message History

Press: ? - help, Q - select action Shift-Dir - straight line, f/p - eight-headed hydra You throw a large rock.
The large rock hits the eight-headed hydra!
The eight-headed hydra is severely wounded.
You barely miss the eight-headed hydra.
The eight-headed hydra is severely wounded.
The eight-headed hydra barely misses you.
The eight-headed hydra closely misses you.
The eight-headed hydra bites you but does no damage.
The eight-headed hydra bites you. The eight-headed hydra bites you!
The eight-headed hydra barely misses you.
The eight-headed hydra bites you!
The eight-headed hydra bites you but does no damage.
You tear one of the eight-headed hydra's heads off!
The seven-headed hydra grows two more!
You claw the nine-headed hydra!
The nine-headed hydra is severely wounded.
You rip one of the nine-headed hydra's heads off!
The eight-headed hydra grows two more!
You claw the ten-headed hydra! You claw the ten-headed hydra.
The ten-headed hydra is severely wounded.
The ten-headed hydra misses you. The ten-headed hydra barely misses you.
The ten-headed hydra bites you. The ten-headed hydra bites you!
The ten-headed hydra barely misses you. The ten-headed hydra bites you! x3
The ten-headed hydra bites you. The ten-headed hydra bites you!
You barely miss the ten-headed hydra.
The ten-headed hydra is severely wounded.
The ten-headed hydra bites you! The ten-headed hydra barely misses you.
The ten-headed hydra bites you. x2
The ten-headed hydra bites you but does no damage.
The ten-headed hydra bites you. x2; The ten-headed hydra bites you!
The ten-headed hydra completely misses you.
The ten-headed hydra closely misses you.
16332 ||| READING scroll of teleportation.
As you read the scroll of teleportation, it crumbles to dust.
You feel strangely unstable.
The ten-headed hydra bites you but does no damage. x2
The ten-headed hydra bites you! x2
The ten-headed hydra closely misses you.
The ten-headed hydra bites you.
You die...

#.###.######## #.#
#.# #....# #.#
#....# #.###....#
#####+###.%......#
#................#
#!.(......###.##.#
#.........# #.##.#
#......@..# #.##.#
#......D..# ..##..
#.......$%# #####.
..)...$C..# ..
..........#
#........##
.......((#
\.#.#...## .[..#.


You could see a ten-headed hydra and a cyclops.

Vanquished Creatures
  3 hydras (Lair:5)
  A two-headed ogre (D:9)
  4 catoblepae
  5 death yaks
  2 lindwurms (Lair:5)
  A deep elf pyromancer (D:9)
  3 manticores
  An ugly thing (D:11)
  A cyclops (D:11)
  7 elephants (Lair:4)
  3 black mambas
  A torpor snail (Lair:4)
  A gargoyle (D:12)
  An unseen horror (D:10)
  5 cane toads
  2 rime drakes
  15 komodo dragons
  A troll (D:11)
  3 meliai (Lair:4)
  A wind drake (Lair:2)
  A queen bee (Lair:4)
  3 polar bears
  Grinder (D:4)
  10 blink frogs
  2 slime creatures (Lair:5)
  4 dream sheep (Lair:5)
  5 wyverns
  A shadow (D:11)
  Eustachio (D:4)
  42 yaks
  A basilisk (Lair:2)
  7 vampire mosquitoes
  3 steam dragons
  4 wargs (D:10)
  5 nagas (Lair:3)
  2 acid dragons
  15 water moccasins
  4 ice beasts
  2 orc warriors
  An ogre (D:5)
  A black bear (D:6)
  8 centaurs
  5 wolves
  2 phantoms (D:5)
  A bullfrog (Lair:2)
  A kobold brigand (D:11)
  5 necrophages
  3 wights (D:8)
  36 killer bees
  4 howler monkeys
  A gnoll bouda (D:8)
  4 hounds
  4 jellies
  4 orc priests
  2 iguanas (D:5)
  7 orc wizards
  Natasha (thrice) (D:4)
  2 hell rats (Lair:4)
  7 gnolls
  6 adders
  A shadow imp (D:5)
  A worm (D:2)
  2 dart slugs
  26 orcs
  13 ball pythons
  6 endoplasms
  A giant cockroach (D:3)
  5 goblins
  6 hobgoblins
  11 kobolds
  6 quokkas
  6 bats
  A frilled lizard (D:1)
  5 rats
371 creatures vanquished.

Vanquished Creatures (others)
  16 fungi
  20 plants
36 creatures vanquished.

Grand Total: 407 creatures vanquished

Notes
Turn   | Place    | Note
-------+----------+-------------------------------------------
     0 | D:1      | qw the Troll Cinder Acolyte began the quest for the Orb.
     0 | D:1      | Reached XP level 1. HP: 22/22 MP: 1/1
     0 | D:1      | 0 ||| qw: Version: 0.1-a-97-g2dd2ca4
     0 | D:1      | 0 ||| qw: Game counter: 4974
     0 | D:1      | 0 ||| qw: Always use a shield: true
     0 | D:1      | 0 ||| qw: God list: Okawaru
     0 | D:1      | 0 ||| qw: Allow faded altars: false
     0 | D:1      | 0 ||| qw: Do Orc after D:15 true
     0 | D:1      | 0 ||| qw: Do second Lair branch before Depths: true
     0 | D:1      | 0 ||| qw: Lair rune preference: random
     0 | D:1      | 0 ||| qw: Plans: Normal
     0 | D:1      | 0 ||| PLANNING D:1-11
    33 | D:1      | Found a faded altar of an unknown god.
   178 | D:1      | Reached XP level 2. HP: 29/29 MP: 2/2
   265 | D:1      | 265 ||| Stepping ~*~*~tactically~*~*~ (stealth).
   283 | D:1      | 283 ||| Stepping ~*~*~tactically~*~*~ (hiding).
   292 | D:1      | 292 ||| Stepping ~*~*~tactically~*~*~ (stealth).
   294 | D:1      | Reached skill level 4 in Unarmed Combat
   367 | D:1      | Reached XP level 3. HP: 36/36 MP: 3/3
   671 | D:1      | 671 ||| UPGRADING to +0 cloak.
   676 | D:1      | 676 ||| READING scroll labelled ZUKKUPRAUX.
   677 | D:1      | 677 ||| READING scroll labelled WYUXTAHIUZ.
   678 | D:1      | 678 ||| READING 4 scrolls labelled DONECW MUARRI.
   735 | D:2      | 735 ||| Stepping ~*~*~tactically~*~*~ (stealth).
   776 | D:2      | Found Doupnas's Antique Armour Boutique.
   786 | D:2      | 786 ||| SHOPLISTING glowing robe (92 gold, have 76).
   786 | D:2      | 786 ||| SHOPLISTING runed robe (92 gold, have 76).
  1524 | D:2      | 1524 ||| READING scroll labelled ENENOE VEPEIKE.
  1525 | D:2      | 1525 ||| READING scroll labelled AJIMIMPEU.
  1526 | D:2      | 1526 ||| DRINKING 2 clear potions.
  1527 | D:2      | 1527 ||| READING 2 scrolls of identify.
  1527 | D:2      | 1527 ||| IDENTIFYING fizzy green potion
  1728 | D:3      | Reached XP level 4. HP: 44/44 MP: 4/4
  1739 | D:3      | Reached skill level 5 in Unarmed Combat
  1965 | D:3      | Noticed an ice beast
  1966 | D:3      | 1966 ||| INVOKING Fiery Armour.
  1976 | D:3      | 1976 ||| Stepping ~*~*~tactically~*~*~ (stealth).
  1977 | D:3      | 1977 ||| Stepping ~*~*~tactically~*~*~ (stealth).
  1978 | D:3      | Killed an ice beast
  1979 | D:3      | Reached skill level 6 in Unarmed Combat
  1979 | D:3      | Reached XP level 5. HP: 34/50 MP: 5/5
  1979 | D:3      | 1979 ||| FLEEEEING.
  1980 | D:3      | 1980 ||| FLEEEEING.
  1981 | D:3      | 1981 ||| FLEEEEING.
  1982 | D:3      | 1982 ||| FLEEEEING.
  1983 | D:3      | 1983 ||| FLEEEEING.
  1984 | D:3      | 1984 ||| FLEEEEING.
  1985 | D:3      | 1985 ||| FLEEEEING.
  1986 | D:3      | 1986 ||| FLEEEEING.
  1987 | D:3      | 1987 ||| FLEEEEING.
  1988 | D:3      | 1988 ||| FLEEEEING.
  1989 | D:3      | 1989 ||| FLEEEEING.
  1990 | D:3      | 1990 ||| FLEEEEING.
  1991 | D:3      | 1991 ||| FLEEEEING.
  2057 | D:3      | Found a stormy altar of Qazlal.
  2058 | D:3      | Found a hazy altar of Hepliaklqana.
  2059 | D:3      | Found a shimmering altar of Xom.
  2060 | D:3      | Found a sparkling altar of Nemelex Xobeh.
  2123 | D:3      | Found a basalt altar of Yredelemnul.
  2402 | D:3      | 2402 ||| READING scroll labelled APOESCH JAIBU.
  2403 | D:3      | 2403 ||| DRINKING 3 red potions.
  2404 | D:3      | 2404 ||| READING 2 scrolls of identify.
  2404 | D:3      | 2404 ||| IDENTIFYING smoky yellow potion
  2405 | D:3      | 2405 ||| DROPPING potion of attraction.
  2462 | D:4      | Noticed Natasha
  2468 | D:4      | Killed Natasha
  2582 | D:4      | Noticed Grinder
  2583 | D:4      | 2583 ||| Stepping ~*~*~tactically~*~*~ (stealth).
  2598 | D:4      | Killed Grinder
  2599 | D:4      | Reached skill level 7 in Unarmed Combat
  2599 | D:4      | Reached XP level 6. HP: 36/59 MP: 6/6
  2622 | D:4      | Identified the +5 mace of Sexerase {vorpal, rC+}
  2641 | D:4      | Noticed Eustachio
  2642 | D:4      | 2642 ||| Stepping ~*~*~tactically~*~*~ (stealth).
  2644 | D:4      | Noticed Natasha
  2645 | D:4      | 2645 ||| Stepping ~*~*~tactically~*~*~ (stealth).
  2647 | D:4      | 2647 ||| Stepping ~*~*~tactically~*~*~ (stealth).
  2648 | D:4      | 2648 ||| Stepping ~*~*~tactically~*~*~ (stealth).
  2654 | D:4      | Killed Natasha
  2719 | D:4      | Noticed Natasha
  2721 | D:4      | 2721 ||| Stepping ~*~*~tactically~*~*~ (hiding).
  2723 | D:4      | Killed Natasha
  2911 | D:4      | Found Ybekhut's Antique Armour Shoppe.
  3127 | D:4      | Killed Eustachio
  3128 | D:4      | Reached skill level 8 in Unarmed Combat
  3128 | D:4      | Reached XP level 7. HP: 57/66 MP: 7/7
  3199 | D:4      | 3199 ||| READING 3 scrolls labelled WODDUV TAHYGHAKA.
  3200 | D:4      | 3200 ||| READING 2 scrolls of enchant armour.
  3200 | D:4      | 3200 ||| ENCHANTING +0 cloak.
  3201 | D:4      | 3201 ||| READING scroll of enchant armour.
  3201 | D:4      | 3201 ||| ENCHANTING +1 cloak.
  3202 | D:4      | 3202 ||| DRINKING 2 pink potions.
  3214 | D:5      | Entered Level 5 of the Dungeon
  3264 | D:5      | Found a staircase to the Ecumenical Temple.
  3305 | D:5      | 3305 ||| Stepping ~*~*~tactically~*~*~ (stealth).
  3306 | D:5      | 3306 ||| Stepping ~*~*~tactically~*~*~ (stealth).
  3381 | D:5      | Reached skill level 3 in Fighting
  3423 | D:5      | Reached skill level 9 in Unarmed Combat
  3465 | D:5      | 3465 ||| INVOKING Fiery Armour.
  3471 | D:5      | Reached skill level 1 in Throwing
  3528 | D:5      | Reached skill level 1 in Dodging
  3528 | D:5      | Reached XP level 8. HP: 57/75 MP: 8/8
  3735 | D:5      | 3735 ||| Stepping ~*~*~tactically~*~*~ (stealth).
  4018 | D:5      | 4018 ||| DRINKING 2 lumpy green potions.
  4043 | D:5      | 4043 ||| DRINKING 2 brown potions.
  4148 | D:5      | 4148 ||| READING 2 scrolls of identify.
  4148 | D:5      | 4148 ||| IDENTIFYING cyan potion
  4149 | D:5      | 4149 ||| DROPPING potion of brilliance.
  4150 | D:5      | 4150 ||| DROPPING potion of lignification.
  4151 | D:5      | 4151 ||| DROPPING potion of berserk rage.
  4199 | D:6      | Reached skill level 10 in Unarmed Combat
  4199 | D:6      | 4199 ||| FLEEEEING.
  4200 | D:6      | 4200 ||| FLEEEEING.
  4201 | D:6      | 4201 ||| FLEEEEING.
  4202 | D:6      | 4202 ||| FLEEEEING.
  4203 | D:6      | 4203 ||| FLEEEEING.
  4204 | D:6      | 4204 ||| FLEEEEING.
  4205 | D:6      | 4205 ||| FLEEEEING.
  4206 | D:6      | 4206 ||| FLEEEEING.
  4207 | D:6      | 4207 ||| FLEEEEING.
  4208 | D:6      | 4208 ||| FLEEEEING.
  4209 | D:6      | 4209 ||| Stepping ~*~*~tactically~*~*~ (hiding).
  4211 | D:6      | 4211 ||| Stepping ~*~*~tactically~*~*~ (hiding).
  4221 | D:6      | 4221 ||| Stepping ~*~*~tactically~*~*~ (stealth).
  4223 | D:6      | 4223 ||| Stepping ~*~*~tactically~*~*~ (stealth).
  4227 | D:6      | 4227 ||| Stepping ~*~*~tactically~*~*~ (stealth).
  4281 | D:6      | Found a broken altar of Ashenzari.
  4303 | D:6      | 4303 ||| INVOKING Fiery Armour.
  4309 | D:6      | HP: 11/78 [gnoll/+0 halberd (11)]
  4310 | D:6      | 4310 ||| READING 4 scrolls of teleportation.
  4311 | D:6      | 4311 ||| DRINKING 2 potions of heal wounds.
  4562 | D:6      | 4562 ||| DRINKING 3 potions of curing.
  4562 | D:6      | 4562 ||| (to cure confusion)
  4852 | D:6      | Reached skill level 11 in Unarmed Combat
  5120 | D:6      | 5120 ||| READING scroll labelled GYWEHOMMUILE.
  5121 | D:6      | 5121 ||| READING scroll labelled CUOREN ZEXZE.
  5122 | D:6      | 5122 ||| READING 2 scrolls labelled IPHYCK OHESM.
  5123 | D:6      | 5123 ||| DRINKING 2 ruby potions.
  5124 | D:6      | 5124 ||| DROPPING scroll of noise.
  5141 | D:7      | 5141 ||| Stepping ~*~*~tactically~*~*~ (hiding).
  5151 | D:7      | Reached XP level 9. HP: 81/84 MP: 9/9
  5180 | D:7      | 5180 ||| Stepping ~*~*~tactically~*~*~ (hiding).
  5260 | D:7      | 5260 ||| Stepping ~*~*~tactically~*~*~ (stealth).
  5263 | D:7      | 5263 ||| Stepping ~*~*~tactically~*~*~ (hiding).
  5482 | D:7      | Identified the +0 hat of Eternal Night {Regen+ Str+2 SInv
                  | Stlth+}
  5733 | D:7      | Reached skill level 12 in Unarmed Combat
  5896 | D:7      | Found a shimmering blue altar of Sif Muna.
  5977 | D:7      | 5977 ||| UPGRADING to +0 steam dragon scales.
  5987 | D:7      | 5987 ||| DROPPING +0 robe.
  5988 | D:7      | 5988 ||| UPGRADING to +0 hat of Eternal Night {Regen+ Str+2
                  | SInv Stlth+}.
  5993 | D:7      | 5993 ||| READING 2 scrolls of identify.
  5993 | D:7      | 5993 ||| IDENTIFYING glowing green potion
  6018 | D:8      | 6018 ||| Stepping ~*~*~tactically~*~*~ (stealth).
  6020 | D:8      | 6020 ||| Stepping ~*~*~tactically~*~*~ (stealth).
  6030 | D:8      | Reached skill level 1 in Armour
  6039 | D:8      | 6039 ||| Stepping ~*~*~tactically~*~*~ (stealth).
  6041 | D:8      | 6041 ||| Stepping ~*~*~tactically~*~*~ (stealth).
  6043 | D:8      | 6043 ||| Stepping ~*~*~tactically~*~*~ (stealth).
  6045 | D:8      | 6045 ||| Stepping ~*~*~tactically~*~*~ (hiding).
  6046 | D:8      | 6046 ||| Stepping ~*~*~tactically~*~*~ (hiding).
  6052 | D:8      | 6052 ||| Stepping ~*~*~tactically~*~*~ (hiding).
  6053 | D:8      | 6053 ||| Stepping ~*~*~tactically~*~*~ (hiding).
  6054 | D:8      | 6054 ||| Stepping ~*~*~tactically~*~*~ (hiding).
  6055 | D:8      | 6055 ||| Stepping ~*~*~tactically~*~*~ (hiding).
  6056 | D:8      | 6056 ||| Stepping ~*~*~tactically~*~*~ (hiding).
  6057 | D:8      | 6057 ||| Stepping ~*~*~tactically~*~*~ (hiding).
  6059 | D:8      | 6059 ||| Stepping ~*~*~tactically~*~*~ (hiding).
  6060 | D:8      | 6060 ||| Stepping ~*~*~tactically~*~*~ (hiding).
  6312 | D:8      | 6312 ||| Stepping ~*~*~tactically~*~*~ (stealth).
  6314 | D:8      | 6314 ||| Stepping ~*~*~tactically~*~*~ (stealth).
  6319 | D:8      | 6319 ||| Stepping ~*~*~tactically~*~*~ (stealth).
  6381 | D:8      | 6381 ||| Stepping ~*~*~tactically~*~*~ (hiding).
  6402 | D:8      | 6402 ||| Stepping ~*~*~tactically~*~*~ (stealth).
  6463 | D:8      | 6463 ||| Stepping ~*~*~tactically~*~*~ (stealth).
  6466 | D:8      | 6466 ||| Stepping ~*~*~tactically~*~*~ (stealth).
  6469 | D:8      | 6469 ||| Stepping ~*~*~tactically~*~*~ (stealth).
  6744 | D:8      | 6744 ||| Stepping ~*~*~tactically~*~*~ (stealth).
  6746 | D:8      | 6746 ||| Stepping ~*~*~tactically~*~*~ (stealth).
  6792 | D:8      | 6792 ||| Stepping ~*~*~tactically~*~*~ (outnumbered).
  6794 | D:8      | 6794 ||| Stepping ~*~*~tactically~*~*~ (outnumbered).
  6795 | D:8      | 6795 ||| Stepping ~*~*~tactically~*~*~ (outnumbered).
  6796 | D:8      | 6796 ||| Stepping ~*~*~tactically~*~*~ (outnumbered).
  6878 | D:8      | 6878 ||| READING 2 scrolls labelled SIEWAU CINLEL.
  6879 | D:8      | 6879 ||| READING 3 scrolls of identify.
  6879 | D:8      | 6879 ||| IDENTIFYING silvery potion
  6880 | D:8      | 6880 ||| READING 2 scrolls of identify.
  6880 | D:8      | 6880 ||| IDENTIFYING white potion
  6881 | D:8      | 6881 ||| DROPPING potion of flight.
  6882 | D:8      | 6882 ||| DROPPING potion of invisibility.
  6883 | D:8      | 6883 ||| DROPPING scroll of magic mapping.
  6919 | D:9      | Noticed a deep elf pyromancer
  6922 | D:9      | 6922 ||| INVOKING Fiery Armour.
  6924 | D:9      | Killed a deep elf pyromancer
  6925 | D:9      | Reached skill level 13 in Unarmed Combat
  6925 | D:9      | Reached XP level 10. HP: 93/96 MP: 10/10
  7114 | D:9      | Noticed a two-headed ogre
  7121 | D:9      | 7121 ||| INVOKING Fiery Armour.
  7124 | D:9      | Killed a two-headed ogre
  7256 | D:9      | 7256 ||| Stepping ~*~*~tactically~*~*~ (outnumbered).
  7257 | D:9      | 7257 ||| Stepping ~*~*~tactically~*~*~ (outnumbered).
  7258 | D:9      | 7258 ||| Stepping ~*~*~tactically~*~*~ (outnumbered).
  7259 | D:9      | 7259 ||| Stepping ~*~*~tactically~*~*~ (stealth).
  7260 | D:9      | 7260 ||| Stepping ~*~*~tactically~*~*~ (outnumbered).
  7261 | D:9      | 7261 ||| Stepping ~*~*~tactically~*~*~ (outnumbered).
  7290 | D:9      | Reached skill level 14 in Unarmed Combat
  7351 | D:9      | 7351 ||| Stepping ~*~*~tactically~*~*~ (stealth).
  7352 | D:9      | 7352 ||| Stepping ~*~*~tactically~*~*~ (stealth).
  7354 | D:9      | 7354 ||| Stepping ~*~*~tactically~*~*~ (stealth).
  7360 | D:9      | 7360 ||| Stepping ~*~*~tactically~*~*~ (outnumbered).
  7368 | D:9      | 7368 ||| Stepping ~*~*~tactically~*~*~ (stealth).
  7516 | D:9      | Found a staircase to the Lair.
  7603 | D:9      | 7603 ||| PLANNING LAIR
  7603 | D:9      | 7603 ||| UPGRADING to ring of poison resistance.
  7640 | Lair:1   | Entered Level 1 of the Lair of Beasts
  7682 | Lair:1   | 7682 ||| INVOKING Fiery Armour.
  7691 | Lair:1   | 7691 ||| Stepping ~*~*~tactically~*~*~ (outnumbered).
  7695 | Lair:1   | Reached skill level 6 in Fighting
  7696 | Lair:1   | 7696 ||| Stepping ~*~*~tactically~*~*~ (outnumbered).
  7763 | Lair:1   | 7763 ||| Stepping ~*~*~tactically~*~*~ (stealth).
  7764 | Lair:1   | 7764 ||| Stepping ~*~*~tactically~*~*~ (stealth).
  7766 | Lair:1   | 7766 ||| Stepping ~*~*~tactically~*~*~ (stealth).
  7861 | Lair:1   | 7861 ||| INVOKING Fiery Armour.
  7867 | Lair:1   | 7867 ||| Stepping ~*~*~tactically~*~*~ (outnumbered).
  7868 | Lair:1   | 7868 ||| Stepping ~*~*~tactically~*~*~ (outnumbered).
  7870 | Lair:1   | Reached skill level 15 in Unarmed Combat
  7876 | Lair:1   | Reached XP level 11. HP: 102/105 MP: 11/11
  8022 | Lair:1   | 8022 ||| Stepping ~*~*~tactically~*~*~ (stealth).
  8024 | Lair:1   | 8024 ||| Stepping ~*~*~tactically~*~*~ (stealth).
  8070 | Lair:1   | Noticed a catoblepas
  8071 | Lair:1   | 8071 ||| INVOKING Fiery Armour.
  8075 | Lair:1   | 8075 ||| Stepping ~*~*~tactically~*~*~ (cloud).
  8078 | Lair:1   | 8078 ||| Stepping ~*~*~tactically~*~*~ (cloud).
  8082 | Lair:1   | Killed a catoblepas
  8417 | Lair:1   | 8417 ||| READING scroll labelled MOAHEL RUET.
  8444 | Lair:1   | 8444 ||| READING scroll labelled GUEVIYPEUN.
  8445 | Lair:1   | 8445 ||| READING 2 scrolls of identify.
  8445 | Lair:1   | 8445 ||| IDENTIFYING murky brown potion
  8446 | Lair:1   | 8446 ||| DROPPING potion of degeneration.
  8485 | Lair:2   | 8485 ||| Stepping ~*~*~tactically~*~*~ (hiding).
  8587 | Lair:2   | 8587 ||| Stepping ~*~*~tactically~*~*~ (hiding).
  8689 | Lair:2   | 8689 ||| Stepping ~*~*~tactically~*~*~ (hiding).
  8703 | Lair:2   | 8703 ||| DRINKING potion of cancellation.
  8809 | Lair:2   | 8809 ||| Stepping ~*~*~tactically~*~*~ (stealth).
  8888 | Lair:2   | 8888 ||| INVOKING Fiery Armour.
  8909 | Lair:2   | 8909 ||| Stepping ~*~*~tactically~*~*~ (outnumbered).
  8924 | Lair:2   | Reached skill level 16 in Unarmed Combat
  9080 | Lair:2   | 9080 ||| Stepping ~*~*~tactically~*~*~ (stealth).
  9201 | Lair:2   | Found a staircase to the Shoals.
  9202 | Lair:2   | 9202 ||| Stepping ~*~*~tactically~*~*~ (hiding).
  9307 | Lair:2   | 9307 ||| Stepping ~*~*~tactically~*~*~ (hiding).
  9565 | Lair:2   | 9565 ||| READING scroll labelled HEOXITHR TOOPTIT.
  9609 | Lair:3   | 9609 ||| Stepping ~*~*~tactically~*~*~ (stealth).
  9610 | Lair:3   | 9610 ||| Stepping ~*~*~tactically~*~*~ (stealth).
  9620 | Lair:3   | 9620 ||| Stepping ~*~*~tactically~*~*~ (stealth).
  9624 | Lair:3   | 9624 ||| Stepping ~*~*~tactically~*~*~ (stealth).
  9628 | Lair:3   | 9628 ||| Stepping ~*~*~tactically~*~*~ (stealth).
  9634 | Lair:3   | 9634 ||| INVOKING Fiery Armour.
  9641 | Lair:3   | 9641 ||| FLEEEEING.
  9645 | Lair:3   | 9645 ||| Stepping ~*~*~tactically~*~*~ (outnumbered).
  9802 | Lair:3   | 9802 ||| Stepping ~*~*~tactically~*~*~ (hiding).
  9827 | Lair:3   | Found a staircase to the Snake Pit.
  9828 | Lair:3   | 9828 ||| Stepping ~*~*~tactically~*~*~ (hiding).
  9931 | Lair:3   | 9931 ||| Stepping ~*~*~tactically~*~*~ (outnumbered).
  9935 | Lair:3   | 9935 ||| Stepping ~*~*~tactically~*~*~ (outnumbered).
  9937 | Lair:3   | 9937 ||| Stepping ~*~*~tactically~*~*~ (outnumbered).
  9968 | Lair:3   | 9968 ||| Stepping ~*~*~tactically~*~*~ (hiding).
 10011 | Lair:3   | 10011 ||| Stepping ~*~*~tactically~*~*~ (stealth).
 10017 | Lair:3   | 10017 ||| Stepping ~*~*~tactically~*~*~ (outnumbered).
 10018 | Lair:3   | 10018 ||| Stepping ~*~*~tactically~*~*~ (outnumbered).
 10019 | Lair:3   | 10019 ||| Stepping ~*~*~tactically~*~*~ (outnumbered).
 10026 | Lair:3   | Reached skill level 17 in Unarmed Combat
 10042 | Lair:3   | 10042 ||| Stepping ~*~*~tactically~*~*~ (stealth).
 10043 | Lair:3   | 10043 ||| Stepping ~*~*~tactically~*~*~ (stealth).
 10044 | Lair:3   | 10044 ||| Stepping ~*~*~tactically~*~*~ (stealth).
 10045 | Lair:3   | 10045 ||| Stepping ~*~*~tactically~*~*~ (stealth).
 10720 | Lair:3   | 10720 ||| READING 2 scrolls of identify.
 10720 | Lair:3   | 10720 ||| IDENTIFYING lumpy white potion
 10907 | Lair:3   | 10907 ||| READING 5 scrolls of teleportation.
 10908 | Lair:3   | 10908 ||| STAIRDANCE
 10995 | Lair:4   | 10995 ||| Stepping ~*~*~tactically~*~*~ (hiding).
 11006 | Lair:4   | Reached XP level 12. HP: 110/118 MP: 12/12
 11010 | Lair:4   | 11010 ||| Stepping ~*~*~tactically~*~*~ (stealth).
 11019 | Lair:4   | 11019 ||| Stepping ~*~*~tactically~*~*~ (stealth).
 11025 | Lair:4   | 11025 ||| Stepping ~*~*~tactically~*~*~ (hiding).
 11026 | Lair:4   | 11026 ||| Stepping ~*~*~tactically~*~*~ (hiding).
 11146 | Lair:4   | 11146 ||| Stepping ~*~*~tactically~*~*~ (stealth).
 11164 | Lair:4   | 11164 ||| INVOKING Fiery Armour.
 11166 | Lair:4   | HP: 29/118 [meliai/+0 hand axe (3)]
 11167 | Lair:4   | 11167 ||| READING 4 scrolls of teleportation.
 11168 | Lair:4   | 11168 ||| DRINKING 2 potions of heal wounds.
 11172 | Lair:4   | 11172 ||| Stepping ~*~*~tactically~*~*~ (outnumbered).
 11180 | Lair:4   | Noticed a death yak
 11192 | Lair:4   | 11192 ||| Stepping ~*~*~tactically~*~*~ (stealth).
 11197 | Lair:4   | Killed a death yak
 11213 | Lair:4   | 11213 ||| Stepping ~*~*~tactically~*~*~ (stealth).
 11233 | Lair:4   | 11233 ||| Stepping ~*~*~tactically~*~*~ (stealth).
 11248 | Lair:4   | Reached skill level 18 in Unarmed Combat
 11251 | Lair:4   | 11251 ||| Stepping ~*~*~tactically~*~*~ (stealth).
 11278 | Lair:4   | 11278 ||| Stepping ~*~*~tactically~*~*~ (stealth).
 11280 | Lair:4   | 11280 ||| Stepping ~*~*~tactically~*~*~ (stealth).
 11281 | Lair:4   | 11281 ||| Stepping ~*~*~tactically~*~*~ (stealth).
 11282 | Lair:4   | 11282 ||| Stepping ~*~*~tactically~*~*~ (stealth).
 11284 | Lair:4   | 11284 ||| Stepping ~*~*~tactically~*~*~ (stealth).
 11285 | Lair:4   | 11285 ||| Stepping ~*~*~tactically~*~*~ (stealth).
 11286 | Lair:4   | 11286 ||| Stepping ~*~*~tactically~*~*~ (stealth).
 11287 | Lair:4   | 11287 ||| Stepping ~*~*~tactically~*~*~ (stealth).
 11289 | Lair:4   | 11289 ||| Stepping ~*~*~tactically~*~*~ (stealth).
 11302 | Lair:4   | 11302 ||| Stepping ~*~*~tactically~*~*~ (stealth).
 11304 | Lair:4   | 11304 ||| Stepping ~*~*~tactically~*~*~ (stealth).
 11305 | Lair:4   | 11305 ||| Stepping ~*~*~tactically~*~*~ (stealth).
 11306 | Lair:4   | 11306 ||| Stepping ~*~*~tactically~*~*~ (stealth).
 11307 | Lair:4   | 11307 ||| Stepping ~*~*~tactically~*~*~ (stealth).
 11308 | Lair:4   | 11308 ||| Stepping ~*~*~tactically~*~*~ (stealth).
 11318 | Lair:4   | 11318 ||| Stepping ~*~*~tactically~*~*~ (stealth).
 11341 | Lair:4   | 11341 ||| FLEEEEING.
 11349 | Lair:4   | 11349 ||| FLEEEEING.
 11350 | Lair:4   | 11350 ||| FLEEEEING.
 11360 | Lair:4   | 11360 ||| Stepping ~*~*~tactically~*~*~ (stealth).
 11409 | Lair:4   | 11409 ||| INVOKING Fiery Armour.
 11415 | Lair:4   | 11415 ||| FLEEEEING.
 11500 | Lair:4   | 11500 ||| Stepping ~*~*~tactically~*~*~ (outnumbered).
 11501 | Lair:4   | 11501 ||| Stepping ~*~*~tactically~*~*~ (outnumbered).
 11502 | Lair:4   | 11502 ||| Stepping ~*~*~tactically~*~*~ (outnumbered).
 11506 | Lair:4   | 11506 ||| Stepping ~*~*~tactically~*~*~ (outnumbered).
 11508 | Lair:4   | Reached skill level 3 in Armour
 11596 | Lair:4   | 11596 ||| READING scroll of enchant armour.
 11596 | Lair:4   | 11596 ||| ENCHANTING +0 steam dragon scales.
 11638 | Lair:4   | 11638 ||| Stepping ~*~*~tactically~*~*~ (stealth).
 11639 | Lair:4   | 11639 ||| Stepping ~*~*~tactically~*~*~ (stealth).
 11644 | Lair:4   | 11644 ||| Stepping ~*~*~tactically~*~*~ (outnumbered).
 11648 | Lair:4   | 11648 ||| Stepping ~*~*~tactically~*~*~ (outnumbered).
 11649 | Lair:4   | 11649 ||| Stepping ~*~*~tactically~*~*~ (outnumbered).
 11720 | Lair:4   | 11720 ||| Stepping ~*~*~tactically~*~*~ (outnumbered).
 11819 | Lair:4   | Identified the +4 arbalest "Pypehu" {vorpal, Str+6}
 11830 | Lair:4   | 11830 ||| Stepping ~*~*~tactically~*~*~ (hiding).
 11975 | Lair:4   | 11975 ||| Stepping ~*~*~tactically~*~*~ (stealth).
 12039 | Lair:4   | 12039 ||| Stepping ~*~*~tactically~*~*~ (stealth).
 12043 | Lair:4   | 12043 ||| Stepping ~*~*~tactically~*~*~ (stealth).
 12044 | Lair:4   | 12044 ||| Stepping ~*~*~tactically~*~*~ (stealth).
 12055 | Lair:4   | 12055 ||| Stepping ~*~*~tactically~*~*~ (stealth).
 12056 | Lair:4   | 12056 ||| Stepping ~*~*~tactically~*~*~ (stealth).
 12061 | Lair:4   | 12061 ||| Stepping ~*~*~tactically~*~*~ (stealth).
 12234 | Lair:4   | Identified the ring "Naleer" {Wiz +Blink rPois rC++ Will-}
 12396 | Lair:4   | Reached skill level 19 in Unarmed Combat
 12538 | Lair:4   | 12538 ||| DROPPING orb of light.
 12539 | Lair:4   | 12539 ||| UPGRADING to ring "Naleer" {Wiz +Blink rPois rC++
                  | Will-}.
 12540 | Lair:4   | 12540 ||| REMOVING ring of poison resistance.
 12541 | Lair:4   | 12541 ||| READING scroll labelled BAUNEA MIKKA.
 12541 | Lair:4   | Identified a scroll of acquirement
 12541 | Lair:4   | 12541 ||| ACQUIRING amulet "Jif Buod" {Acrobat Fly Will+
                  | Str-5 Dex+3}
 12541 | Lair:4   | Acquired the amulet "Jif Buod" {Acrobat Fly Will+ Str-5
                  | Dex+3}
 12543 | Lair:4   | 12543 ||| UPGRADING to amulet "Jif Buod" {Acrobat Fly Will+
                  | Str-5 Dex+3}.
 12548 | Lair:4   | 12548 ||| DRINKING 6 bubbling red potions.
 12649 | Lair:4   | 12649 ||| DROPPING 5 potions of ambrosia.
 12680 | Lair:3   | 12680 ||| READING 6 scrolls of teleportation.
 12799 | Lair:3   | 12799 ||| READING 5 scrolls of teleportation.
 12830 | Lair:5   | Entered Level 5 of the Lair of Beasts
 12840 | Lair:5   | 12840 ||| INVOKING Fiery Armour.
 12842 | Lair:5   | 12842 ||| Stepping ~*~*~tactically~*~*~ (stealth).
 12843 | Lair:5   | Noticed a seven-headed hydra
 12843 | Lair:5   | 12843 ||| Stepping ~*~*~tactically~*~*~ (stealth).
 12846 | Lair:5   | Killed a nine-headed hydra
 12847 | Lair:5   | Reached skill level 3 in Dodging
 12858 | Lair:5   | Reached XP level 13. HP: 115/127 MP: 13/13
 12867 | Lair:5   | 12867 ||| Stepping ~*~*~tactically~*~*~ (hiding).
 12948 | Lair:5   | 12948 ||| Stepping ~*~*~tactically~*~*~ (hiding).
 13050 | Lair:5   | 13050 ||| Stepping ~*~*~tactically~*~*~ (hiding).
 13054 | Lair:5   | 13054 ||| Stepping ~*~*~tactically~*~*~ (cloud).
 13103 | Lair:5   | 13103 ||| Stepping ~*~*~tactically~*~*~ (stealth).
 13105 | Lair:5   | 13105 ||| Stepping ~*~*~tactically~*~*~ (stealth).
 13107 | Lair:5   | 13107 ||| Stepping ~*~*~tactically~*~*~ (stealth).
 13109 | Lair:5   | Reached skill level 9 in Fighting
 13112 | Lair:5   | 13112 ||| Stepping ~*~*~tactically~*~*~ (stealth).
 13113 | Lair:5   | 13113 ||| Stepping ~*~*~tactically~*~*~ (stealth).
 13118 | Lair:5   | 13118 ||| Stepping ~*~*~tactically~*~*~ (outnumbered).
 13119 | Lair:5   | 13119 ||| Stepping ~*~*~tactically~*~*~ (outnumbered).
 13120 | Lair:5   | 13120 ||| Stepping ~*~*~tactically~*~*~ (outnumbered).
 13123 | Lair:5   | 13123 ||| Stepping ~*~*~tactically~*~*~ (outnumbered).
 13124 | Lair:5   | 13124 ||| Stepping ~*~*~tactically~*~*~ (outnumbered).
 13125 | Lair:5   | 13125 ||| Stepping ~*~*~tactically~*~*~ (outnumbered).
 13126 | Lair:5   | 13126 ||| Stepping ~*~*~tactically~*~*~ (hiding).
 13135 | Lair:5   | 13135 ||| Stepping ~*~*~tactically~*~*~ (outnumbered).
 13140 | Lair:5   | 13140 ||| Stepping ~*~*~tactically~*~*~ (outnumbered).
 13154 | Lair:5   | HP: 28/131 [yak (10)]
 13155 | Lair:5   | 13155 ||| READING 4 scrolls of teleportation.
 13156 | Lair:5   | 13156 ||| DRINKING potion of heal wounds.
 13161 | Lair:5   | HP: 28/131 [cane toad (10)]
 13162 | Lair:5   | 13162 ||| READING 3 scrolls of teleportation.
 13166 | Lair:5   | HP: 17/131 [poisoned by a cane toad]
 13171 | Lair:5   | HP: 20/131 [poisoned by a cane toad]
 13394 | Lair:5   | Found a staircase to the Slime Pits.
 13394 | Lair:5   | Found a viscous altar of Jiyva.
 13410 | Lair:5   | 13410 ||| Stepping ~*~*~tactically~*~*~ (stealth).
 13411 | Lair:5   | 13411 ||| Stepping ~*~*~tactically~*~*~ (stealth).
 13415 | Lair:5   | 13415 ||| Stepping ~*~*~tactically~*~*~ (stealth).
 13416 | Lair:5   | 13416 ||| Stepping ~*~*~tactically~*~*~ (stealth).
 13646 | Lair:5   | 13646 ||| Stepping ~*~*~tactically~*~*~ (stealth).
 13971 | Lair:5   | 13971 ||| Stepping ~*~*~tactically~*~*~ (hiding).
 14003 | Lair:5   | 14003 ||| Stepping ~*~*~tactically~*~*~ (stealth).
 14036 | Lair:5   | 14036 ||| Stepping ~*~*~tactically~*~*~ (stealth).
 14037 | Lair:5   | 14037 ||| Stepping ~*~*~tactically~*~*~ (stealth).
 14110 | Lair:5   | 14110 ||| Stepping ~*~*~tactically~*~*~ (cloud).
 14116 | Lair:5   | Reached skill level 20 in Unarmed Combat
 14147 | Lair:5   | 14147 ||| Stepping ~*~*~tactically~*~*~ (stealth).
 14151 | Lair:5   | 14151 ||| Stepping ~*~*~tactically~*~*~ (stealth).
 14152 | Lair:5   | 14152 ||| Stepping ~*~*~tactically~*~*~ (stealth).
 14155 | Lair:5   | 14155 ||| Stepping ~*~*~tactically~*~*~ (stealth).
 14157 | Lair:5   | 14157 ||| Stepping ~*~*~tactically~*~*~ (stealth).
 14159 | Lair:5   | 14159 ||| Stepping ~*~*~tactically~*~*~ (stealth).
 14160 | Lair:5   | 14160 ||| Stepping ~*~*~tactically~*~*~ (stealth).
 14162 | Lair:5   | 14162 ||| Stepping ~*~*~tactically~*~*~ (stealth).
 14164 | Lair:5   | 14164 ||| Stepping ~*~*~tactically~*~*~ (stealth).
 14166 | Lair:5   | 14166 ||| Stepping ~*~*~tactically~*~*~ (stealth).
 14174 | Lair:5   | 14174 ||| Stepping ~*~*~tactically~*~*~ (outnumbered).
 14175 | Lair:5   | 14175 ||| Stepping ~*~*~tactically~*~*~ (outnumbered).
 14178 | Lair:5   | 14178 ||| Stepping ~*~*~tactically~*~*~ (outnumbered).
 14185 | Lair:5   | 14185 ||| Stepping ~*~*~tactically~*~*~ (outnumbered).
 14186 | Lair:5   | 14186 ||| Stepping ~*~*~tactically~*~*~ (outnumbered).
 14187 | Lair:5   | 14187 ||| Stepping ~*~*~tactically~*~*~ (outnumbered).
 14355 | Lair:5   | 14355 ||| PLANNING D:1-11
 14460 | D:10     | Entered Level 10 of the Dungeon
 14475 | D:10     | 14475 ||| Stepping ~*~*~tactically~*~*~ (stealth).
 14525 | D:10     | 14525 ||| Stepping ~*~*~tactically~*~*~ (stealth).
 14563 | D:10     | Found a runed translucent door.
 14565 | D:10     | Noticed a stone giant
 14565 | D:10     | Found the +8 frozen axe "Frostbite" {freezing cloud, *Noise
                  | Fly rC+}
 14602 | D:10     | 14602 ||| Stepping ~*~*~tactically~*~*~ (hiding).
 14603 | D:10     | 14603 ||| Stepping ~*~*~tactically~*~*~ (hiding).
 14614 | D:10     | 14614 ||| Stepping ~*~*~tactically~*~*~ (stealth).
 14616 | D:10     | 14616 ||| Stepping ~*~*~tactically~*~*~ (stealth).
 14619 | D:10     | 14619 ||| Stepping ~*~*~tactically~*~*~ (stealth).
 14750 | D:10     | 14750 ||| Stepping ~*~*~tactically~*~*~ (stealth).
 14753 | D:10     | 14753 ||| Stepping ~*~*~tactically~*~*~ (outnumbered).
 14754 | D:10     | 14754 ||| Stepping ~*~*~tactically~*~*~ (outnumbered).
 14755 | D:10     | 14755 ||| Stepping ~*~*~tactically~*~*~ (outnumbered).
 14757 | D:10     | 14757 ||| Stepping ~*~*~tactically~*~*~ (outnumbered).
 15183 | D:10     | 15183 ||| Stepping ~*~*~tactically~*~*~ (stealth).
 15203 | D:10     | Found a staircase to the Orcish Mines.
 15235 | D:10     | Found an opulent altar of Gozag.
 15358 | D:10     | 15358 ||| READING 2 scrolls of teleportation.
 15480 | D:11     | 15480 ||| Stepping ~*~*~tactically~*~*~ (stealth).
 15481 | D:11     | 15481 ||| Stepping ~*~*~tactically~*~*~ (stealth).
 16121 | D:11     | 16121 ||| PLANNING D
 16121 | D:11     | 16121 ||| UPGRADING to +0 acid dragon scales.
 16131 | D:11     | 16131 ||| DROPPING +1 steam dragon scales.
 16132 | D:11     | 16132 ||| DROPPING ring of magical power.
 16133 | D:11     | 16133 ||| UPGRADING to ring of willpower.
 16158 | D:12     | 16158 ||| Stepping ~*~*~tactically~*~*~ (stealth).
 16161 | D:12     | 16161 ||| Stepping ~*~*~tactically~*~*~ (hiding).
 16165 | D:12     | Reached skill level 3 in Throwing
 16284 | D:12     | Noticed Sonja
 16324 | D:12     | 16324 ||| FLEEEEING.
 16324 | D:12     | Found a frozen archway.
 16331 | D:12     | HP: 31/131 [ten-headed hydra (3)]
 16332 | D:12     | 16332 ||| READING scroll of teleportation.
 16332 | D:12     | HP: 8/131 [ten-headed hydra (12)]
 16332 | D:12     | HP: 1/131 [ten-headed hydra (7)]
 16332 | D:12     | Slain by a ten-headed hydra

Levels and vault maps discovered:
D:1:      wander_arrival_fairy_ring, layout_loops_ring,
          shapermc_ecumenical_altar_notcrosses, fountainhead,
          minmay_pentomino_w4
D:2:      layout_basic, serial_shops, nicolae_lakefront_shop, minivault_23
D:3:      layout_loops_corners, mainiacjoe_overflow_alcove_3,
          mainiacjoe_overflow_tiny_flanked
D:4:      layout_loops_ring, serial_shops, shop, uniq_eustachio, uniq_grinder,
          uniq_natasha
D:5:      layout_basic, minmay_temple_entry_antechambers, serial_bayou_pond_d
D:6:      layout_layer_cave, overflow_temple_1_default, dreamdust_gnoll_farm
D:7:      layout_loops_ring, tgw_sif
D:8:      layout_gridville, serial_glass, glass_columns_a, glass_columns_a
D:9:      layout_long_grid, dpeg_oklobed_lair
D:10:     minmay_gate_of_8, layout_basic,
          nicolae_gozag_cash_rules_everything_around_me,
          minmay_orc_entry_guard_dogs
D:11:     layout_loops_ring
D:12:     minmay_klotski, layout_basic, portal_ice_cave_entry_pillars_1,
          nicolae_qazlal_general_emergency, uniq_sonja, uniq_snorg
Lair:1:   layout_hall_layers, minivault_24, dreamdust_mushroom_princess
Lair:2:   layout_regular_city, minmay_shoals_entry_beasts
Lair:3:   layout_concentric_octagons, minmay_snake_entry_guardpost_medium,
          grunt_megastairs_2
Lair:4:   regret_index_bee_streams, layout_cave_pods, beast_lair_carwin_2
Lair:5:   evilmike_catoblepas_cave, layout_layer_cave,
          minmay_slime_entry_pillars, grunt_megastairs_1, lemuel_fruit_tree,
          infiniplex_staircase_pool

Skill      XL: |  1  2  3  4  5  6  7  8  9 10 11 12 13 |
---------------+----------------------------------------+-----
Unarmed Combat | 4 6 7 8 9 11 13 15 17 19 20 | 20.4
Fighting       | 3 4 5 6 7 8 9 |  9.0
Throwing       | 1 3 |  3.4
Dodging        | 1 2 3 4 |  4.1
Armour         | 1 2 3 |  3.0
Spellcasting   | |  1.0
Fire Magic     | |  2.1

Action                   |  1- 3 |  4- 6 |  7- 9 | 10-12 | 13-15 || total
-------------------------+-------+-------+-------+-------+-------++-------
Melee: Unarmed           |    88 |    73 |   221 |   469 |   242 ||  1093
       Punch             |     1 |     4 |     9 |    27 |    37 ||    78
Throw: Boomerang         |       |     1 |    68 |     7 |       ||    76
       Large rock        |       |       |       |       |    17 ||    17
Invok: Fiery Armour      |       |     1 |     3 |     9 |       ||    13
  Use: Scroll            |     6 |     2 |    12 |    11 |     4 ||    35
       Potion            |     1 |     1 |     6 |     3 |     1 ||    12
 Stab: Sleeping          |       |       |       |     1 |     1 ||     2
Armor: Robe              |    21 |    22 |    65 |       |       ||   108
       Steam dragon scal |       |       |    16 |   192 |    59 ||   267
       Acid dragon scale |       |       |       |       |     8 ||     8
Dodge: Dodged            |    31 |    19 |    88 |   155 |   102 ||   395

Table legend:
 A = Non-vault XP
 B = Vault XP
 C = Vault XP percentage of total XP
 D = Non-vault monster count
 E = Vault monster count
 F = Vault count percentage of total count
                 A         B        C        D         E       F
            +---------+---------+-------+---------+---------+-------
      Total |   34733 |   25617 |  42.4 |     253 |     118 |  31.8
            +---------+---------+-------+---------+---------+-------
        D:1 |      30 |      12 |  28.6 |      17 |       6 |  26.1
        D:2 |      40 |       0 |   0.0 |      16 |       0 |   0.0
        D:3 |     213 |       0 |   0.0 |      14 |       0 |   0.0
        D:4 |      90 |     514 |  85.1 |      12 |       3 |  20.0
        D:5 |     948 |       0 |   0.0 |      18 |       0 |   0.0
        D:6 |     806 |     127 |  13.6 |      14 |       5 |  26.3
        D:7 |     845 |       0 |   0.0 |      11 |       0 |   0.0
        D:8 |    1752 |       0 |   0.0 |      29 |       0 |   0.0
        D:9 |    2791 |       0 |   0.0 |      19 |       0 |   0.0
       D:10 |    2905 |     679 |  18.9 |      15 |       4 |  21.1
       D:11 |    1849 |       0 |   0.0 |      13 |       0 |   0.0
       D:12 |    1205 |       0 |   0.0 |       6 |       0 |   0.0
     Lair:1 |    4748 |       0 |   0.0 |      18 |       0 |   0.0
     Lair:2 |    2306 |     866 |  27.3 |       8 |       2 |  20.0
     Lair:3 |    3639 |    1541 |  29.7 |      14 |       8 |  36.4
     Lair:4 |    5825 |    8688 |  59.9 |      17 |      56 |  76.7
     Lair:5 |    4741 |   13190 |  73.6 |      12 |      34 |  73.9
            +---------+---------+-------+---------+---------+-------
